 Dungeon Crawl Stone Soup version 0.15-a0-2232-g756d4b8 (webtiles) character file.

103 Crauler the Shield-Bearer (level 5, -5/36 HPs)
             Began as a Halfling Fighter on July 25, 2014.
             Killed from afar by an orc wizard (6 damage)
             ... with a magic dart
             ... on Level 3 of the Dungeon.
             The game lasted 00:07:18 (2289 turns).

Crauler the Shield-Bearer (Halfling Fighter)        Turns: 2289, Time: 00:07:19

HP  -5/36        AC  9     Str 17      XL: 5   Next:  6%
MP   5/5         EV 10     Int  7      God:
Gold 108         SH  6     Dex 14      Spells:  0 memorised,  4 levels left

rFire  . . .     SeeInvis .     a - +0 long sword
rCold  . . .     Clarity  .     b - +0 scale mail
rNeg   . . .     rCorr    .     c - +0 buckler
rPois  +         rRot     .     (no helmet)
rElec  .         Spirit   .     f - +0 cloak
SustAb .         Warding  .     (no gloves)
rMut   +         Stasis   .     r - +0 pair of boots
Gourm  .                        x - amulet of resist mutation
MR     .....                    (no ring)
                                p - ring of poison resistance

@: not resistant to hostile enchantments, extremely unstealthy
A: mutation resistance 1
a: no special abilities


You were on level 3 of the Dungeon.
You were hungry.

You visited 1 branch of the dungeon, and saw 3 of its levels.

You collected 108 gold pieces.

Inventory:

Hand weapons
 a - a +0 long sword (weapon)
Missiles
 w - 19 poisoned needles
Armour
 b - a +0 scale mail (worn)
 c - a +0 buckler (worn)
 f - a +0 cloak (worn)
 r - a +0 pair of boots (worn)
Comestibles
 d - 3 bread rations
Scrolls
 g - a scroll of enchant weapon {unknown}
 i - a scroll of magic mapping {unknown}
 k - a scroll of random uselessness {unknown}
 l - 2 scrolls of immolation {unknown}
 m - a scroll of teleportation {unknown}
 n - 2 scrolls of blinking {unknown}
 t - 2 scrolls of recharging {unknown}
 u - a scroll of fog {unknown}
Jewellery
 p - a ring of poison resistance (left hand)
 x - an amulet of resist mutation (around neck)
Potions
 e - a potion of might
 h - 2 potions of restore abilities {unknown}
 j - 2 potions of curing {unknown}
 o - 2 potions of invisibility {unknown}
 q - a potion of magic {unknown}
 s - 2 potions of haste {unknown}


   Skills:
 + Level 3.2 Fighting
 * Level 3.3 Long Blades
 + Level 3.9 Armour
 + Level 3.9 Shields


You had 4 spell levels left.
You didn't know any spells.

Dungeon Overview and Level Annotations

Branches:
Dungeon (3/15)

Altars:
Dithmenos
Sif Muna

Annotations:
D:2 1 exclusion


Innate Abilities, Weirdness & Mutations

You are small and have problems with some larger weapons.
You are somewhat resistant to further mutation.


Message History

* * * LOW HITPOINT WARNING * * *
The orc wizard is no longer moving quickly.
You are confused.
An orc wizard appears from thin air!
Reactivating autopickup.
The orc wizard gestures wildly while chanting.
The orc wizard blinks!
The orc wizard gestures at you while chanting.
The magic dart hits you!
* * * LOW HITPOINT WARNING * * *
Ouch! The orc wizard closely misses you.
Ouch!
The orc wizard gestures wildly while chanting.
The orc wizard blinks!
Ouch! You feel less confused.
The orc wizard is no longer moving slowly.
The orc wizard points at you and mumbles some strange words.
The magic dart hits you!
You die...

###################
#.@..o.............
#.################.
#.# #######.......
#.# #.............
#o# #.#####.####.#
#o# #.# #.# #.# #o#
#.# #.# #.# #.# #.#
#.# #.# #.# #%#
#.####.#


You could see 2 orc wizards and 2 orcs.

Vanquished Creatures
  Ijyb (D:2)
  3 adders
  A worm (D:3)
  3 giant geckos
  2 orcs (D:3)
  8 bats
  2 giant cockroaches
  5 goblins
  11 hobgoblins
  6 kobolds
  A ball python (D:1)
  3 giant newts
  3 rats
49 creatures vanquished.

Notes
Turn   | Place    | Note
--------------------------------------------------------------
     0 | D:1      | Crauler, the Halfling Fighter, began the quest for the Orb.
     0 | D:1      | Reached XP level 1. HP: 15/15 MP: 1/1
   249 | D:1      | Reached XP level 2. HP: 20/20 MP: 2/2
   879 | D:2      | Reached XP level 3. HP: 17/26 MP: 3/3
  1348 | D:2      | Found a shadowy altar of Dithmenos.
  1502 | D:2      | Noticed Ijyb
  1530 | D:2      | Killed Ijyb
  1530 | D:2      | Reached XP level 4. HP: 27/31 MP: 4/4
  1717 | D:3      | Found a deep blue altar of Sif Muna.
  2063 | D:3      | Reached XP level 5. HP: 36/36 MP: 5/5
  2285 | D:3      | HP: 1/36 [orc wizard/magic dart (4)]
  2289 | D:3      | Killed from afar by an orc wizard

Action                   |  1- 3 |  4- 6 || total
-------------------------+-------+-------++-------
Melee: Long sword        |   126 |    93 ||   219
  Eat: Chunk             |     2 |     2 ||     4
